 Dungeon Crawl Stone Soup version 0.29.1-2-gbd0b4ee654 (webtiles) character file.

Game seed: 12673662300321225944

212 zeram the Shooter (level 5, -1/25 HPs)
             Began as a Spriggan Hunter on Nov 16, 2022.
             Succumbed to Ijyb's poison
             ... on level 3 of the Dungeon.
             The game lasted 00:05:36 (3861 turns).

zeram the Shooter (Spriggan Hunter)                 Turns: 3861, Time: 00:05:37

Health: -1/25      AC:  3    Str:  7    XL:     5   Next: 58%
Magic:  6/6        EV: 18    Int: 12    God:
Gold:   121        SH:  0    Dex: 19    Spells: 4/4 levels left

rFire   . . .      SeeInvis +   a - +1 shortbow
rCold   . . .      Faith    .   (shield currently unavailable)
rNeg    . . .      Spirit   .   c - +1 robe
rPois   .          Reflect  .   (helmet restricted)
rElec   .          Harm     .   (no cloak)
rCorr   .          Rampage  .   (gloves unavailable)
Will    .....                   (boots unavailable)
Stlth   ++........              (no amulet)
HPRegen 0.08/turn               (no ring)
MPRegen 0.10/turn               (no ring)

@: lethally poisoned (-1 -> -14), very quick
A: very small, no large weapons, unfitting armour, see invisible, speed 3
a: no special abilities


You were on level 3 of the Dungeon.
You visited 1 branch of the dungeon, and saw 3 of its levels.

You collected 121 gold pieces.

Inventory:

Hand Weapons
 a - a +1 shortbow (weapon)
Missiles
 e - 2 throwing nets
Armour
 c - a +1 robe (worn)
Scrolls
 b - a scroll of immolation
 d - 5 scrolls of teleportation
 f - a scroll of blinking {unknown}
 h - a scroll of silence
 k - 2 scrolls of noise {unknown}
 m - a scroll of fog
Potions
 g - a potion of resistance
 i - a potion of flight
 j - a potion of berserk rage
 l - a potion of attraction
 n - a potion of heal wounds {unknown}


   Skills:
 - Level 1.6 Fighting
 + Level 6.7 Ranged Weapons
 + Level 3.3 Dodging
 + Level 1.8 Stealth


You had 4 spell levels left.
You didn't know any spells.
Your spell library was empty.

Dungeon Overview and Level Annotations

Branches:
Dungeon (3/15)

Altars:


Innate Abilities, Weirdness & Mutations

You are very small and have problems with some larger weapons.
You are too small for most types of armour.
You have supernaturally acute eyesight. (SInv)
You cover ground extremely quickly. (Speed+++)


Message History

Ijyb is severely wounded.
Ijyb zaps a wand.
You easily resist.
You shoot an arrow. The arrow barely misses Ijyb.
Ijyb hits you with a +3 dagger of venom.
You are poisoned.
You shoot an arrow. The arrow barely misses Ijyb.
You feel very sick.
Ijyb hits you with a +3 dagger of venom.
You are lethally poisoned!
You shoot an arrow. The arrow barely misses Ijyb.
You feel very sick. Ijyb closely misses you.
You are too injured to fight recklessly!
You are too injured to fight recklessly!
You are too injured to fight recklessly!
Fire: a) +1 shortbow
Press: ? - help, Q - select action, (/) - cycle Shift-Dir - straight line, f/p - Ijyb
Aim: Ijyb, wielding a +3 dagger of venom, wearing a +2 chain mail of cold resistance and carrying a wand of polymorph (4) (severely wounded, 65% to hit)
You shoot an arrow. The arrow hits Ijyb but does no damage.
Ijyb is severely wounded.
* * * LOW HITPOINT WARNING * * *
You feel very sick. Ijyb hits you but does no damage.
You are more poisoned.
Ijyb closely misses you.
Fire: a) +1 shortbow
Press: ? - help, Q - select action, (/) - cycle Shift-Dir - straight line, f/p - Ijyb
Aim: Ijyb, wielding a +3 dagger of venom, wearing a +2 chain mail of cold resistance and carrying a wand of polymorph (4) (severely wounded, 65% to hit)
You shoot an arrow. The arrow barely misses Ijyb.
* * * LOW HITPOINT WARNING * * *
You feel very sick.
Ijyb zaps a wand.
You easily resist.
Do you really want to go berserk while wielding your +1 shortbow?
Okay, then.
Fire: a) +1 shortbow
Press: ? - help, Q - select action, (/) - cycle Shift-Dir - straight line, f/p - Ijyb
Aim: Ijyb, wielding a +3 dagger of venom, wearing a +2 chain mail of cold resistance and carrying a wand of polymorph (3) (severely wounded, 65% to hit)
You shoot an arrow. The arrow hits Ijyb!
You kill Ijyb!
You die...

..........####
†.........+..#
..........##.#
...#'#+#.###.#
...#.#.#.....#
...#.#.#.#######
##.#.#...#.....########
#.#####.###.#.)....#
#.......# #.#@#
#.####### #.#.# ###
#...# #####


There were no monsters in sight!

Vanquished Creatures
  An orc wizard (D:3)
  Ijyb (D:3)
  5 gnolls
  4 adders
  2 worms
  2 dart slugs
  7 orcs (D:3)
  An endoplasm (D:1)
  4 giant cockroaches
  2 goblins
  8 hobgoblins
  9 jackals
  8 kobolds
  4 quokkas
  9 ball pythons
  8 bats
  3 frilled lizards
  4 rats
82 creatures vanquished.

Vanquished Creatures (others)
  4 plants
  5 toadstools (D:1)
9 creatures vanquished.

Grand Total: 91 creatures vanquished

Notes
Turn   | Place    | Note
-------+----------+-------------------------------------------
     0 | D:1      | zeram the Spriggan Hunter began the quest for the Orb.
     0 | D:1      | Reached XP level 1. HP: 10/10 MP: 2/2
   331 | D:1      | Reached XP level 2. HP: 14/14 MP: 3/3
   739 | D:1      | Reached XP level 3. HP: 18/18 MP: 4/4
   821 | D:1      | Found a faded altar of an unknown god.
   862 | D:1      | Reached skill level 5 in Ranged Weapons
  1714 | D:2      | Reached XP level 4. HP: 12/22 MP: 5/5
  2462 | D:2      | HP: 1/22 [gnoll/+0 halberd (8)]
  2838 | D:2      | Reached skill level 6 in Ranged Weapons
  3087 | D:2      | Reached XP level 5. HP: 25/25 MP: 6/6
  3851 | D:3      | Noticed Ijyb
  3861 | D:3      | Killed Ijyb
  3861 | D:3      | Succumbed to Ijyb's poison

Illustrated notes

Levels and vault maps discovered:
D:1:      ldierk_walled_garden, layout_basic, ebering_ecumenical_altar_webs
D:2:      kennysheep_six_static_rooms, layout_loops_ring, corexii_shack,
          minmay_tall_x
D:3:      layout_basic, mainiacjoe_overflow_catwalk, amcnicky_altar_gilded,
          lemuel_crystal_altar, uniq_ijyb

Skill      XL: |  1  2  3  4 |
---------------+-------------+-----
Ranged Weapons | 5 6 |  6.7
Dodging        | 3 |  3.3
Fighting       | |  1.6
Stealth        | |  1.8

Action                   |  1- 3 |  4- 6 || total
-------------------------+-------+-------++-------
 Fire: Shortbow          |   109 |   140 ||   249
  Use: Scroll            |     3 |     7 ||    10
Armor: Robe              |     4 |     2 ||     6
Dodge: Dodged            |    38 |    63 ||   101
